AoeStats
← Arakami

Arena

508834433Analyzed
4v4 RM · 6d ago on Sep 24, 2026· 39m 23s· 8 players
Game mode
Random Map
Map size
Large (8 player)
Population
200
Speed
Normal
Resources
Standard
Victory
Conquest
Starting age
Dark Age
Ending age
Imperial Age
RankedLock teamsTeams togetherTeam positionsShared explorationLock speedFull tech treeHidden civsTurbo modeCheats
Victory
Defeat
🇹🇼 Turks · Taiwan
1000
+15
🇻🇳 Franks · Vietnam
952
+17
🇨🇳 Poles · China
933
+18
🇻🇳 Romans · Vietnam
843
+22
🇪🇸 Bohemians · Spain
990
-18
🇩🇪 Vietnamese · Germany
972
-18
🇲🇽 Spanish · Mexico
968
-18
🇷🇺 Teutons · Russia
968
-18
Borzak4113
0:37 Loom
11:30 Feudal Age
15:34 Double-Bit Axe
18:45 Castle Age
17:26 Horse Collar
20:16 Forging
22:21 Heavy Plow
22:42 Light Cavalry
24:50 Iron Casting
27:28 Scale Barding Armor
28:17 Bow Saw
30:02 Chain Barding Armor
30:56 Husbandry
31:07 Bloodlines
32:52 Fletching
36:21 Imperial Age
35:27 Bodkin Arrow
35:34 Padded Archer Armor
35:36 Scale Mail Armor
38:08 Gambesons
38:24 Squires
37:45 Pikeman
richigor
3:56 Loom
12:30 Feudal Age
16:19 Castle Age
14:14 Horse Collar
14:56 Double-Bit Axe
21:17 Fervor
21:16 Gold Mining
21:26 Stone Mining
23:22 Squires
24:29 Wheelbarrow
23:40 Town Watch
24:47 Sanctity
25:28 Hand Cart
27:33 Stone Shaft Mining
27:02 Heavy Plow
27:15 Bow Saw
27:43 Forging
28:38 Redemption
28:59 Bloodlines
29:06 Pikeman
30:16 Town Patrol
30:55 Scale Mail Armor
31:30 Iron Casting
30:47 Fletching
31:38 Fortified Wall
31:33 Arson
36:19 Imperial Age
36:11 Ballistics
39:56 Imperial Age
turok
10:37 Feudal Age
15:31 Castle Age
15:57 Man-at-Arms
29:55 Imperial Age
34:58 Chemistry
34:41 Ballistics
35:52 Conscription
Arakami
12:25 Feudal Age
13:13 Double-Bit Axe
14:05 Wheelbarrow
14:05 Horse Collar
19:57 Castle Age
19:30 Gold Mining
20:19 Loom
20:49 Bow Saw
20:41 Heavy Plow
20:36 Loom
21:11 Hand Cart
26:32 Imperial Age
24:01 Fletching
24:11 Padded Archer Armor
24:42 Ballistics
24:39 Town Watch
24:42 Loom
25:29 Bodkin Arrow
25:50 Leather Archer Armor
28:13 Chemistry
27:43 Paper Money
29:04 Two-Man Saw
28:46 Bracer
31:05 Ring Archer Armor
35:43 Pikeman
36:25 Squires
36:30 Scale Mail Armor
36:40 Forging
36:48 Guilds
36:26 Halberdier
38:55 Chain Mail Armor
38:58 Elite Rattan Archer
wade2010221
10:01 Feudal Age
15:09 Castle Age
14:18 Double-Bit Axe
17:07 Stone Mining
20:08 Wheelbarrow
19:27 Horse Collar
21:01 Gold Mining
21:56 Hand Cart
22:35 Heavy Plow
23:57 Bow Saw
28:56 Imperial Age
27:56 Fletching
28:06 Padded Archer Armor
28:30 Ballistics
28:41 Forging
29:04 Bloodlines
30:25 Conscription
31:55 Iron Casting
31:21 Scale Mail Armor
33:11 Husbandry
36:37 Blast Furnace
35:33 Bodkin Arrow
35:53 Leather Archer Armor
36:15 Artillery
378080739
0:28 Loom
12:30 Feudal Age
14:55 Double-Bit Axe
15:09 Stone Mining
17:44 Castle Age
16:00 Gold Mining
16:43 Horse Collar
20:58 Heavy Plow
21:23 Bow Saw
28:43 Imperial Age
28:51 Forging
28:46 Scale Barding Armor
28:55 Bloodlines
28:45 Husbandry
29:09 Szlachta Privileges
28:48 Cavalier
30:01 Conscription
30:47 Iron Casting
31:22 Chain Barding Armor
32:16 Crop Rotation
35:10 Wheelbarrow
36:08 Hand Cart
Tào Tháo
0:38 Loom
12:35 Feudal Age
13:25 Double-Bit Axe
14:36 Horse Collar
15:15 Stone Mining
15:42 Gold Mining
22:03 Castle Age
20:39 Forging
29:38 Bow Saw
29:29 Heavy Plow
35:02 Imperial Age
32:55 Fortified Wall
34:00 Ballistics
33:35 Murder Holes
34:17 Iron Casting
36:44 Crop Rotation
36:50 Gold Shaft Mining
36:23 Scale Barding Armor
Đại Việt 2026
3:03 Loom
12:21 Feudal Age
17:03 Castle Age
14:57 Double-Bit Axe
30:41 Bow Saw
34:00 Imperial Age
33:32 Wheelbarrow
34:13 Forging
33:24 Ordonnance Companies
36:25 Chemistry
35:45 Ballistics
36:10 Ballistics
35:54 Scale Mail Armor
36:26 Elite Throwing Axeman
Connection lost

Rejoining the realm…

Still unreachable

The connection could not be restored.

Session expired

The server has moved on; the page needs a fresh start.